Map: Jagannatha LE

Players

JonSnow

  • Race: Zerg Zerg
  • League: Grandmaster
  • Spawn Location: 7:00

DisK - Winner!

  • Race: Protoss Protoss
  • Spawn Location: 1:00

Event: DreamHack SC2 Masters 2020 Winter

VOD

Have the link to the VOD?

Description

Time

  • Played on: Oct. 15, 2020, 8:13 p.m.
  • Length: 22:06

All games in this series

Show
View Real Time Build Order
Export as new Build Order

JonSnow Zerg 

Build Orders: Hatch First 

Get SALT Encoding   

  12  0:01  Drone  
  13  0:12  Overlord  
  13  0:19  Drone  
  14  0:31  Drone x2  
  16  0:49  Hatchery  
  15  0:52  Drone  
  15  0:56  Drone  
  17  1:00  Drone  
  18  1:07  Extractor  
  17  1:12  Drone  
  18  1:19  Spawning Pool  
  18  1:21  Drone  
  18  1:30  Drone  
  19  1:38  Drone  
  20  1:51  Overlord  
  20  2:05  Queen  
  20  2:06  Zergling x4  
  24  2:09  Metabolic Boost  
  24  2:11  Drone  
  24  2:14  Drone  
  26  2:20  Queen  
  26  2:21  Drone  
  29  2:23  Drone  
  30  2:42  Drone  
  30  2:43  Hatchery  
  30  2:50  Drone x2  
  32  2:53  Drone  
  32  2:57  Queen  
  35  3:00  Overlord  
  35  3:04  Zergling x2  
  36  3:13  Overlord  
  36  3:14  Overlord  
  36  3:30  Drone x8  
  43  3:40  Queen  
  45  3:42  Drone x2  
  45  3:43  Evolution Chamber  
  46  3:48  Spore Crawler  
  46  3:50  Spore Crawler  
  46  3:54  Drone x2  
  46  3:56  Drone x3  
  46  4:00  Queen  
  51  4:04  Drone  
  51  4:07  Overlord  
  52  4:10  Zerg Melee Weapons Level 1  
  52  4:14  Spore Crawler  
  52  4:15  Drone  
  52  4:19  Drone x3  
  52  4:23  Overlord  
  55  4:38  Drone x8  
  61  4:44  Lair  
  60  4:50  Drone x5  
  65  4:56  Queen  
  65  4:58  Overlord  
  67  5:01  Extractor, Overlord  
  67  5:02  Extractor  
  67  5:05  Zergling x2  
  67  5:06  Zergling x6  
  70  5:07  Zergling x2  
  70  5:13  Zergling x6  
  73  5:20  Zergling x12  
  79  5:28  Spore Crawler  
  78  5:32  Zergling x12  
  78  5:33  Drone x2  
  86  5:39  Spore Crawler  
  86  5:41  Spore Crawler x2  
  86  5:42  Drone x2  
  85  5:43  Drone x2  
  85  5:45  Hydralisk Den  
  86  5:50  Spore Crawler  
  86  5:53  Drone x2  
  86  5:54  Drone  
  88  5:59  Extractor  
  88  6:00  Drone x3  
  88  6:03  Drone  
  89  6:05  Drone  
  89  6:07  Zerg Melee Weapons Level 2  
  89  6:10  Baneling Nest  
  88  6:18  Drone x2  
  88  6:22  Extractor  
  88  6:24  Extractor  
  88  6:25  Drone x6  
  90  6:31  Overlord  
  90  6:34  Hatchery, Overlord  
  84  6:54  Hydralisk x9  
  93  7:03  Drone x5  
  96  7:09  Centrifical Hooks  
  96  7:10  Drone x2  
  96  7:14  Drone x3  
  101  7:16  Drone x3  
  101  7:21  Drone  
  105  7:26  Drone  
  106  7:32  Overlord  
  106  7:33  Grooved Spines  
  106  7:34  Overlord x4  
  105  7:38  Spore Crawler  
  105  7:40  Overlord  
  105  7:42  Overlord  
  105  7:44  Overlord  
  97  7:46  Drone  
  97  7:48  Drone x2  
  97  7:49  Drone x2  
  102  7:57  Drone x5, Spore Crawler  
  105  8:02  Hydralisk x5  
  105  8:03  Hydralisk  
  117  8:09  Drone  
  117  8:14  Hydralisk x5  
  117  8:18  Drone  
  125  8:22  Drone x2  
  125  8:23  Drone x2  
  125  8:26  Zerg Missile Weapons Level 1  
  129  8:27  Zergling x4  
  129  8:28  Overseer  
  129  8:30  Zergling x2  
  129  8:31  Zergling x8  
  136  8:43  Hatchery  
  136  8:45  Muscular Augments  
  136  8:46  Baneling x6  
  136  8:47  Baneling  
  135  8:54  Zergling x2  
  135  8:55  Zergling x24  
  148  9:01  Overlord x2  
  148  9:05  Extractor  
  148  9:06  Hydralisk x4  
  148  9:07  Zergling x2  
  148  9:08  Zergling x2  
  156  9:13  Drone  
  156  9:14  Drone  
  155  9:18  Zergling x10  
  155  9:19  Baneling x5  
  155  9:22  Baneling x9  
  160  9:29  Baneling x9, Infestation Pit  
  160  9:30  Zergling x2  
  160  9:41  Zergling x14  
  166  9:49  Zergling x24  
  163  10:05  Hydralisk x9  
  181  10:08  Baneling x3  
  181  10:11  Zergling x8  
  168  10:16  Hydralisk x3  
  149  10:22  Zergling x12  
  149  10:27  Zergling x2  
  149  10:28  Zergling x8  
  144  10:34  Zerg Missile Weapons Level 2  
  138  10:37  Baneling x4  
  138  10:42  Zergling x16  
  144  10:44  Baneling x4  
  142  10:56  Baneling x4  
  140  10:58  Zergling x2  
  140  10:59  Zergling x16  
  140  11:03  Overlord  
  149  11:04  Hive  
  149  11:05  Drone  
  149  11:06  Drone  
  149  11:08  Evolution Chamber  
  150  11:16  Zergling x10  
  150  11:17  Zergling x2  
  154  11:20  Hatchery  
  154  11:24  Zergling x14  
  129  11:47  Zerg Ground Armor Level 1, Hydralisk x6  
  129  11:48  Hydralisk x3  
  129  11:53  Baneling x3  
  145  11:58  Drone x10  
  155  12:16  Viper x2, Extractor  
  155  12:19  Adrenal Glands  
  155  12:21  Baneling x11  
  155  12:22  Viper  
  160  12:23  Overseer  
  160  12:28  Hydralisk x5  
  172  12:32  Drone  
  172  12:33  Drone  
  174  12:39  Spore Crawler  
  174  12:40  Spine Crawler  
  174  12:42  Spine Crawler  
  171  12:44  Hatchery  
  170  12:52  Zergling x22  
  181  13:04  Zergling x2  
  181  13:05  Zergling x18  
  176  13:14  Overlord  
  176  13:16  Zerg Melee Weapons Level 3, Extractor x2  
  176  13:18  Hydralisk  
  176  13:19  Hydralisk x2  
  180  13:22  Baneling x9  
  180  13:31  Baneling x16  
  180  13:32  Zergling x2  
  181  13:37  Zergling x8  
  181  13:39  Zergling x4  
  181  13:40  Zergling x2  
  188  13:41  Zerg Missile Weapons Level 3  
  188  13:46  Zergling x12  
  184  14:06  Zergling x10  
  184  14:07  Zergling x16  
  195  14:12  Zergling x4  
  195  14:13  Zergling x6  
  195  14:32  Zergling x4  
  195  14:33  Zergling x10  
  185  14:40  Hydralisk x9  
  186  14:48  Zergling x12  
  192  14:55  Baneling x2  
  192  14:56  Baneling  
  192  14:58  Zergling x16  
  200  15:00  Overseer  
  198  15:18  Baneling x14  
  198  15:22  Spire  
  198  15:24  Zergling x2  
  198  15:25  Zergling x18  
  179  15:39  Overseer  
  179  15:40  Overseer  
  179  15:41  Hydralisk x13  
  179  15:42  Zergling x2  
  163  15:52  Zergling x10  
  168  15:59  Viper x2  
  168  16:02  Zerg Ground Armor Level 2  
  170  16:12  Drone x4  
  163  16:37  Hatchery  
  163  16:38  Greater Spire  
  162  16:43  Baneling x2, Zergling x2  
  162  16:44  Zergling x22  
  172  17:05  Baneling x6  
  169  17:54  Zerg Flyer Weapons Level 1  
  169  18:04  Corruptor x4  
  169  18:05  Corruptor x5  
  173  18:07  Zergling x2  
  173  18:08  Zergling x24  
  180  18:13  Hydralisk x4  
  180  18:16  Baneling x11  
  180  18:18  Overlord x3  
  186  18:33  Overlord  
  174  18:41  Overlord  
  170  18:52  Zergling x24  
  180  19:04  Baneling  
  180  19:05  Pneumatized Carapace, Baneling x2  
  180  19:06  Overseer x2  
  180  19:07  Hatchery, Overseer x2  
  179  19:10  Baneling  
  179  19:11  Baneling  
  172  19:24  Overseer  
  172  19:31  Burrow  
  172  19:39  Zergling x2  
  172  19:40  Zergling x34  
  189  19:47  Baneling  
  189  19:48  Baneling x3  
  176  20:05  Spine Crawler  
  176  20:07  Spine Crawler x2  
  173  20:08  Hydralisk  
  173  20:09  Hydralisk x11  
  192  20:20  Spine Crawler  
  186  20:24  Baneling x5  
  153  20:45  Hydralisk  
  153  20:46  Hydralisk x8  
  153  20:47  Zergling x2  
  134  20:53  Hydralisk x2  
  134  20:54  Zergling x2  
  131  21:17  Zergling x8  
  131  21:18  Zergling x12  
  130  21:25  Zergling x4  
  125  21:32  Zergling x6  
  125  21:33  Overseer x2  
  122  21:43  Zergling x2  
  122  21:44  Zergling x2  
Show
View Real Time Build Order
Export as new Build Order

DisK Protoss - Winner!

Build Orders: 1 Gate Expand, Oracle Opening, Phoenix Opening, Carriers 

Get SALT Encoding   

  12  0:00  Probe  
  13  0:12  Probe  
  14  0:20  Pylon  
  14  0:24  Probe  
  15  0:38  Probe (Chrono Boost)  
  15  0:39  Gateway  
  16  0:48  Probe (Chrono Boost)  
  16  0:49  Assimilator  
  17  0:53  Probe (Chrono Boost)  
  18  1:04  Probe  
  19  1:16  Probe  
  20  1:24  Nexus  
  20  1:35  Cybernetics Core  
  20  1:38  Probe  
  21  1:46  Assimilator  
  21  1:50  Probe  
  22  2:01  Pylon  
  22  2:02  Probe  
  23  2:16  Adept (Chrono Boost)  
  23  2:19  Stargate, Probe  
  26  2:27  Warp Gate  
  26  2:31  Probe (Chrono Boost)  
  27  2:38  Pylon  
  27  2:43  Probe (Chrono Boost)  
  27  2:44  Adept  
  31  2:49  Probe (Chrono Boost)  
  32  2:53  Probe (Chrono Boost)  
  32  2:58  Probe (Chrono Boost)  
  32  3:02  Oracle (Chrono Boost)  
  32  3:03  Probe (Chrono Boost)  
  32  3:05  Probe (Chrono Boost)  
  37  3:11  Probe  
  37  3:12  Gateway  
  38  3:17  Probe  
  39  3:22  Pylon  
  39  3:23  Probe  
  40  3:29  Probe  
  41  3:35  Probe  
  41  3:41  Probe  
  41  3:42  Phoenix (Chrono Boost)  
  41  3:46  Assimilator  
  41  3:48  Assimilator, Probe  
  44  3:53  Probe  
  44  3:54  Pylon  
  45  4:00  Probe  
  46  4:05  Stargate  
  46  4:09  Probe  
  47  4:12  Probe  
  48  4:18  Phoenix  
  48  4:21  Probe  
  48  4:23  Adept x2  
  55  4:25  Probe  
  56  4:33  Probe  
  57  4:43  Phoenix (Chrono Boost)  
  59  4:50  Nexus  
  59  4:52  Pylon, Probe  
  60  4:56  Phoenix (Chrono Boost)  
  62  5:10  Phoenix (Chrono Boost), Probe x2  
  62  5:12  Phoenix (Chrono Boost)  
  62  5:13  Robotics Facility  
  68  5:18  Shield Battery  
  68  5:22  Probe x2  
  70  5:31  Pylon  
  70  5:38  Pylon  
  70  5:41  Forge, Twilight Council  
  70  5:47  Pylon  
  70  5:49  Probe x2  
  72  5:52  Sentry x2  
  76  5:58  Oracle  
  76  6:01  Probe  
  76  6:02  Probe  
  81  6:06  Immortal (Chrono Boost)  
  81  6:07  Probe  
  86  6:13  Robotics Bay  
  86  6:14  Probe x2  
  86  6:16  Adept  
  90  6:29  Zealot, Probe (Chrono Boost)  
  90  6:32  Probe (Chrono Boost)  
  94  6:34  Gateway  
  94  6:36  Gateway  
  94  6:38  Probe (Chrono Boost)  
  95  6:40  Probe (Chrono Boost)  
  95  6:42  Probe (Chrono Boost)  
  95  6:45  Probe (Chrono Boost)  
  95  6:46  Zealot, Probe (Chrono Boost)  
  96  6:47  Probe (Chrono Boost)  
  90  6:54  Protoss Ground Weapons Level 1  
  90  6:57  Probe  
  90  7:00  Probe x2  
  93  7:02  Blink (Chrono Boost)  
  93  7:03  Assimilator  
  93  7:04  Assimilator  
  93  7:06  Colossus (Chrono Boost)  
  99  7:09  Zealot, Probe, Sentry  
  99  7:11  Pylon  
  99  7:12  Probe  
  105  7:15  Pylon  
  105  7:21  Pylon, Extended Thermal Lance  
  105  7:33  Stalker x3  
  111  7:52  Gateway x2  
  111  7:54  Colossus (Chrono Boost)  
  111  7:56  Shield Battery  
  117  7:58  Gateway  
  117  7:59  Robotics Facility  
  117  8:00  Pylon  
  117  8:02  Pylon  
  117  8:06  Zealot  
  117  8:07  Probe  
  120  8:15  Stalker x2  
  120  8:16  Sentry  
  124  8:21  Nexus  
  124  8:24  Pylon, Templar Archives  
  124  8:29  Gateway  
  124  8:39  Stalker  
  124  8:40  Stalker x3, Observer (Chrono Boost)  
  133  8:43  Shield Battery  
  133  8:47  Probe x3  
  136  8:52  Warp Prism (Chrono Boost)  
  138  8:59  Colossus (Chrono Boost)  
  144  9:06  Pylon  
  144  9:09  Photon Cannon  
  144  9:16  Sentry x3  
  148  9:19  Assimilator x2  
  148  9:23  Photon Cannon  
  148  9:26  Protoss Ground Weapons Level 2 (Chrono Boost)  
  148  9:27  Charge (Chrono Boost)  
  148  9:41  Stalker x4  
  148  9:42  Stalker  
  145  9:55  Probe x2 (Chrono Boost)  
  145  9:58  Probe x2 (Chrono Boost)  
  136  10:05  Zealot x4  
  136  10:07  Zealot x2, Probe x2 (Chrono Boost)  
  146  10:08  Zealot  
  146  10:11  Probe x2 (Chrono Boost)  
  131  10:27  Zealot x7  
  134  10:35  Probe x2  
  134  10:36  Probe x2  
  137  10:48  Probe x2 (Chrono Boost)  
  137  10:49  Probe x2 (Chrono Boost)  
  141  10:54  High Templar x8  
  153  10:59  Archon  
  153  11:00  Archon x3, Probe x2 (Chrono Boost)  
  157  11:05  Probe x2 (Chrono Boost)  
  157  11:08  Psionic Storm  
  157  11:11  Gateway  
  157  11:12  Probe  
  157  11:13  Gateway  
  146  11:28  High Templar x4  
  146  11:30  Pylon  
  154  11:37  Archon  
  153  11:45  Probe  
  153  11:46  Probe x2  
  156  11:50  Pylon  
  156  11:54  Warp Prism (Chrono Boost), Disruptor (Chrono Boost)  
  151  12:03  Photon Cannon  
  151  12:04  Photon Cannon  
  151  12:05  High Templar x5, Photon Cannon  
  161  12:08  Gateway, Protoss Ground Weapons Level 3 (Chrono Boost)  
  161  12:16  Nexus  
  161  12:17  Pylon  
  161  12:18  Pylon  
  161  12:21  Archon  
  161  12:22  Observer  
  161  12:35  Disruptor x2  
  167  12:37  Dark Shrine  
  167  12:39  Photon Cannon  
  167  12:40  Photon Cannon  
  167  12:43  Photon Cannon  
  167  12:44  Shield Battery  
  167  12:45  Shield Battery  
  167  12:46  Stalker x7  
  178  13:11  Observer x2  
  177  13:16  Probe x2  
  177  13:17  Probe  
  180  13:23  High Templar x2  
  180  13:24  Zealot x4  
  180  13:25  Zealot x4  
  200  13:31  Gateway  
  200  13:33  Gateway  
  200  13:34  Pylon  
  200  13:39  Gravitic Boosters  
  200  13:40  Pylon  
  200  13:52  Assimilator x2  
  183  14:07  Zealot x3  
  183  14:08  Zealot  
  188  14:10  Immortal x2 (Chrono Boost)  
  196  14:30  Fleet Beacon  
  190  14:31  Stargate  
  135  14:48  High Templar x3  
  135  14:49  High Templar x3  
  135  14:50  High Templar  
  135  14:51  High Templar  
  151  14:54  Archon x2  
  151  14:55  Archon x2  
  151  15:01  Immortal x2  
  151  15:04  Photon Cannon  
  157  15:07  Zealot  
  159  15:25  Zealot x7  
  159  15:26  Zealot x2  
  155  15:38  Zealot  
  143  15:47  Dark Templar x7  
  127  15:52  Dark Templar x2  
  127  15:54  Pylon  
  127  15:56  Carrier x2 (Chrono Boost)  
  143  15:58  Disruptor x2, Carrier (Chrono Boost)  
  143  16:01  High Templar  
  143  16:02  High Templar x3  
  143  16:03  High Templar  
  147  16:04  Zealot  
  147  16:08  Stalker x2  
  147  16:10  Photon Cannon  
  153  16:12  Shield Battery  
  153  16:14  Pylon  
  153  16:22  Gravitic Drive  
  151  16:38  Zealot  
  151  16:39  Zealot x9  
  169  16:57  Carrier x2 (Chrono Boost)  
  169  16:59  Carrier (Chrono Boost)  
  169  17:03  Nexus  
  169  17:04  Protoss Air Weapons Level 1 (Chrono Boost)  
  169  17:05  Pylon, Observer  
  169  17:06  Observer  
  171  17:13  High Templar x3  
  177  17:23  Pylon  
  177  17:27  Pylon  
  177  17:30  Zealot x6  
  177  17:31  Zealot  
  189  18:03  Zealot x5  
  199  18:11  Gateway  
  189  18:16  Gateway  
  189  18:19  Gateway  
  189  18:21  High Templar x2  
  189  18:22  Gateway  
  193  18:32  Carrier x2 (Chrono Boost)  
  197  18:50  High Templar x2  
  197  18:51  High Templar  
  197  18:52  High Templar  
  191  19:08  Archon x2  
  191  19:09  Archon  
  191  19:32  Dark Templar x4  
  191  19:34  Protoss Shields Level 1 (Chrono Boost)  
  199  19:47  Protoss Air Weapons Level 2 (Chrono Boost)  
  187  20:04  High Templar x3  
  187  20:06  Oracle  
  185  20:32  Zealot x7  
  179  20:46  Archon x2  
  153  20:52  Stalker  
  153  20:53  Stalker x10  
  153  20:56  Carrier x2  
  160  21:27  Zealot x11  
  174  21:51  Zealot x11  
Tags
 
Add a new tag
Caveats
  • Supply blocks, unpowered buildings, or Contaminate may cause inaccurate times.
  • Supply counts are checked every 10 seconds.